Cogmind - Beta 14 @@@ ROGUE MODE // 2025.03.06 @ 03:39:21 Player: Rudrot Result: Destroyed by Y-45 Defender with Beam Rifle Performance ------------- Evolutions (1) 500 Regions Visited (2) 400 Robots Destroyed (60) 300 Value Destroyed (1398) 1398 Prototype IDs (6) 120 Alien Tech Used (0) 0 Bonus (89) 89 TOTAL SCORE: 2807 Bonus ------- High Alert Combat Kills 89 Cogmind --------- Core Integrity 0/400 Matter 61/300 Energy 125/125 System Corruption 2% Temperature Cool (27) Movement Flying (40) Location -9/Materials Parts ------- > --- POWER (1) -------- Light Ion Engine > --- PROPULSION (2) --- Flight Unit > --- UTILITY (4) ------ Visual Processing Unit Improved Targeting Computer > --- WEAPON (2) ------- Mini Grenade Launcher > --- INVENTORY (5) ---- Cooled Ion Engine Mini Grenade Launcher Mini Grenade Launcher Peak State ------------ > --- POWER ------------ Cooled Ion Engine > --- PROPULSION ------- Flight Unit VTOL Module > --- UTILITY ---------- Heat Sink Visual Processing Unit Sensor Array Improved Targeting Computer > --- WEAPON ----------- Light Assault Rifle Mini Grenade Launcher > --- INVENTORY -------- Light Ion Engine Flight Unit Mini Grenade Launcher Mini Grenade Launcher [Rating: 15] Favorites ----------- Power Light Ion Engine Engine Light Ion Engine Propulsion Aluminum Leg Leg Aluminum Leg Wheel Compact Wheel Flight Unit Flight Unit Utility Large Matter Pod Device Heat Sink Storage Large Matter Pod Processor Targeting Computer Weapon Light Assault Rifle Energy Gun Small Laser Ballistic Gun Light Assault Rifle Launcher Mini Grenade Launcher Build | -11 -10 -9 ------- Run | Yrd Mat Mat Slots Evolved 2 | . . 2 Power . | . . . Propulsion . | . . . Utility 2 | . . 2 Weapon . | . . . Parts Attached 63 | 6 30 27 Power 9 | 1 3 5 Engine 9 | 1 3 5 Core . | . . . Reactor . | . . . Propulsion 20 | 2 10 8 Treads . | . . . Leg 6 | . 6 . Wheel 6 | 2 4 . Hover . | . . . Flight 8 | . . 8 Utility 14 | 1 9 4 Device 3 | . 1 2 Storage 8 | 1 7 . Processor 3 | . 1 2 Hackware . | . . . Protection . | . . . Artifact . | . . . Weapon 20 | 2 8 10 Energy Gun 7 | . 3 4 Energy Cannon . | . . . Ballistic Gun 12 | 2 5 5 Ballistic Cannon . | . . . Launcher 1 | . . 1 Special Weapon . | . . . Impact Weapon . | . . . Slashing Weapon . | . . . Piercing Weapon . | . . . Special Melee Weapon . | . . . Unidentified Prototypes 2 | . . 2 Parts Lost 18 | . 5 13 Power 1 | . . 1 Propulsion 10 | . 3 7 Utility 2 | . . 2 Weapon 5 | . 2 3 Highest Loss Streak 6 | . 3 6 To Critical Strikes . | . . . Average Slot Usage (%) 92 | . 97 77 Engine 12 | . 13 9 Leg 11 | . 15 . Wheel 10 | . 11 7 Flight 3 | . . 12 Device 2 | . . 7 Storage 16 | . 20 4 Processor 8 | . 5 14 Energy Gun 3 | . 3 2 Ballistic Gun 21 | . 23 15 Peak Build Rating 15 | 6 8 15 Average Rating 7 | 4 6 8 On Entrance 4 | . 6 7 Naked Turns . | . . . Heaviest Build 89 | 12 89 15 Greatest Support 32 | 32 32 20 Greatest Overweight (x) 6 | . 6 3 Average Overweight (x) . | . . . Largest Inventory Capacity 25 | 8 25 5 Average Capacity 7 | 6 8 5 Most Carried 11 | 2 11 5 Average Carried 4 | . 4 3 Final Capacity 8 | 8 5 5 Final Carried 3 | 2 2 3 Class Distribution -------------------- 70% | Mutant 24% | Scavenger-Mutant 5% | Scavenger-Sprinter Dominant Class ---------------- Mutant | -10/Materials Mutant | -9/Materials Resources | -11 -10 -9 ----------- Run | Yrd Mat Mat Matter Collected 1284 | 202 803 279 Remotely . | . . . Salvage Created 1625 | . 754 871 Parts 134 | . 66 68 Haulers Intercepted 2 | . . 2 Recyclers Shooed 1 | . 1 . Parts Field Recycled . | . . . Retrieved Matter . | . . . Parts Self-Destructed . | . . . Prevented . | . . . Kills | -11 -10 -9 ------- Run | Yrd Mat Mat Combat Hostiles Destroyed 47 | . 22 25 Guns 42 | . 22 20 AOE 5 | . . 5 Classes Destroyed 9 | . 4 5 Worker 2 | . . 2 Builder 1 | . . 1 Hauler 2 | . . 2 Mechanic 1 | . 1 . Watcher 7 | . 3 4 Swarmer 19 | . 9 10 Grunt 23 | . 13 10 Duelist 1 | . . 1 Sentry 4 | . . 4 Best Kill Streak 7 | . 4 7 Combat Bots Only 5 | . 3 5 Max Kills in Single Turn 2 | . 2 2 Gunslinging 1 | . . 1 Exploded 2 | . . 2 Melee . | . . . Uniques/NPCs Destroyed . | . . . Combat | -11 -10 -9 -------- Run | Yrd Mat Mat Hostile Shots Fired 261 | . 124 137 Missed 82 | . 31 51 Damage Taken 2109 | . 962 1147 Core 617 | . 210 407 Absorbed by Shields . | . . . Regen/Repaired (Parts) 32 | . 32 . Core Remaining (%) 58 | 100 16 . Volleys Fired 191 | . 101 90 Largest 2 | . 2 2 Hottest 85 | . 60 85 Shots Fired 349 | . 197 152 Gun 331 | . 197 134 Cannon . | . . . Launcher 18 | . . 18 Special . | . . . Kinetic 290 | . 172 118 Thermal 14 | . 14 . Explosive 18 | . . 18 Electromagnetic 27 | . 11 16 Robot Hit Streak 13 | . 13 7 Robot Miss Streak 11 | . 11 5 Penetration Max . | . . . Secondary Targets 7 | . 5 2 Max Gunslinging Chain 1 | . 1 1 Shots Hit Robots 199 | . 113 86 Core Hits 113 | . 51 62 Critical Kills 1 | . . 1 Critical Parts Destroyed 1 | . 1 . Critical Strikes 2 | . 1 1 Destroy 2 | . 1 1 Melee Attacks . | . . . Impact . | . . . Slashing . | . . . Piercing . | . . . Sneak Attacks . | . . . Combat Hostiles . | . . . Follow-up Attacks . | . . . Damage Inflicted 3064 | . 1175 1889 Guns 1912 | . 1169 743 Cannons . | . . . Explosions 1146 | . . 1146 Melee . | . . . Ramming 6 | . 6 . Kinetic 1581 | . 976 605 Thermal 99 | . 99 . Explosive 1112 | . . 1112 Electromagnetic 266 | . 94 172 Impact . | . . . Slashing . | . . . Piercing . | . . . Highest Corruption 2 | . 2 2 Average Corruption 1 | . 1 1 Corruption Purged . | . . . Corruption Blocked . | . . . Effects 9 | . 9 . Message Errors 3 | . 3 . Matter Fused 2 | . 2 . Parts Fused 1 | . 1 . Data Loss (minor) 1 | . 1 . Data Loss (major) 1 | . 1 . Alerts 1 | . 1 . Overload Shots . | . . . Overflow Damage 34 | . . 34 Projectiles . | . . . Explosions 34 | . . 34 Melee . | . . . Knockbacks . | . . . Impact . | . . . Kinetic . | . . . Secondary . | . . . Self-Inflicted Damage 236 | . . 236 Shots 10 | . . 10 Rammed . | . . . Targets Rammed 2 | . 2 . Kicked 2 | . 2 . Crushed . | . . . Highest Temperature 132 | . 60 132 Average Temperature 24 | . 18 36 Received Heat Transfer 702 | . 438 264 Siege Activations . | . . . Robots Corrupted . | . . . Combat Hostiles . | . . . Parts Fried . | . . . Impact Corruptions . | . . . Robots Melted . | . . . Combat Hostiles . | . . . Parts Melted . | . . . Heat Transferred 225 | . 225 . Parts Sabotaged . | . . . Parts Stolen . | . . . Parts Stripped . | . . . Power Chain Reactions 3 | . . 3 Alert | -11 -10 -9 ------- Run | Yrd Mat Mat Peak Influence 715 | . 219 715 Initial 31 | . . 31 Average 145 | . 103 280 Maximum Alert Level 3 | . 1 3 Low Security (%) 75 | 100 87 38 Level 1 17 | . 12 33 Level 2 6 | . . 26 Level 3 . | . . 1 Level 4 . | . . . Level 5 . | . . . High Security . | . . . Max Security . | . . . Squads Dispatched 9 | . 6 3 Investigation 8 | . 5 3 Extermination . | . . . Reinforcement 1 | . 1 . Assault . | . . . Garrison . | . . . Intercept . | . . . Searches Triggered . | . . . Construction Impeded . | . . . Haulers Reinforced . | . . . Active Scanning Responses . | . . . Cargo Convoy Interrupts . | . . . Stealth | -11 -10 -9 --------- Run | Yrd Mat Mat Distress Signals 2 | . . 2 Communications Jammed . | . . . Distress Signals . | . . . Times Spotted 67 | . 34 33 Peak Tracking Total 5 | . 5 5 Tactical Retreats 4 | . 1 3 Traps | -11 -10 -9 ------- Run | Yrd Mat Mat Traps Triggered 2 | . 2 . Indirectly . | . . . Trap Hack Attempts . | . . . Triggered . | . . . Disarmed . | . . . Reprogrammed . | . . . Reused . | . . . Traps Extracted . | . . . Installed . | . . . Triggered . | . . . Machines | -11 -10 -9 ---------- Run | Yrd Mat Mat Machines Disabled 5 | . . 5 Max in Single Turn 3 | . . 3 Machines Repaired . | . . . Machines Dismantled . | . . . Machines Sabotaged . | . . . Overloaded Fab Kills . | . . . Hacking | -11 -10 -9 --------- Run | Yrd Mat Mat Machines Accessed 11 | . 7 4 Terminals 10 | . 6 4 Fabricators . | . . . Repair Stations 1 | . 1 . Recycling Units . | . . . Scanalyzers . | . . . Garrison Access . | . . . Total Hacks 40 | . 28 12 Successful 28 | . 19 9 Failed 12 | . 9 3 Catastrophic 1 | . . 1 Database Lockouts . | . . . Manual 8 | . 4 4 Terminals 33 | . 21 12 Fabricators . | . . . Repair Stations 7 | . 7 . Recycling Units . | . . . Scanalyzers . | . . . Garrison Access . | . . . Terminal Hacks 22 | . 13 9 Record 13 | . 7 6 Prototype ID Bank 3 | . 2 1 Scanalyzer Index 2 | . 1 1 Alert Level 2 | . 1 1 Maintenance Status 1 | . 1 . Hauler Manifests 1 | . 1 . Fabricator Hacks . | . . . Repair Station Hacks 6 | . 6 . Scan Component 3 | . 3 . Repair 2 | . 2 . Refit 1 | . 1 . Recycling Unit Hacks . | . . . Scanalyzer . | . . . Garrison Access Hacks . | . . . Unauthorized Hacks . | . . . Terminals . | . . . Fabricators . | . . . Repair Stations . | . . . Recycling Units . | . . . Scanalyzers . | . . . Garrison Access . | . . . Data Cores Recovered . | . . . Used . | . . . Hacking Detections 11 | . 7 4 Full Trace Events 9 | . 6 3 Feedback Events . | . . . Feedback Blocked . | . . . Robot Schematics Acquired . | . . . Robots Built . | . . . Authchips . | . . . Time . | . . . Total Robot Build Rating . | . . . Part Schematics Acquired . | . . . Parts Built . | . . . Authchips . | . . . Time . | . . . Total Part Build Rating . | . . . Parts Repaired 2 | . 2 . Time 52 | . 52 . Parts Recycled . | . . . Recycled Matter . | . . . Retrieved Matter . | . . . Retrieved Components . | . . . Parts Scanalyzed . | . . . Part Schematics Acquired . | . . . Parts Damaged . | . . . Bothacking | -11 -10 -9 ------------ Run | Yrd Mat Mat Used RIF Installer . | . . . Robots Hacked . | . . . Non-combat . | . . . Combat . | . . . Robot Hacks Applied . | . . . Relay Couplers Released . | . . . Fabnet Peak Effective % . | . . . Robots Rewired . | . . . Allies Hacked . | . . . Hacks Repelled . | . . . Allies | -11 -10 -9 -------- Run | Yrd Mat Mat Total Allies . | . . . Largest Group . | . . . Highest-Rated Group . | . . . Highest-Rated Ally . | . . . Total Orders . | . . . Ally Attacks . | . . . Total Damage . | . . . Kills . | . . . Allies Corrupted . | . . . Allies Melted . | . . . Intel | -11 -10 -9 ------- Run | Yrd Mat Mat Robot Analysis Total . | . . . Derelict Logs Recovered . | . . . Drone Launches . | . . . Drone Recoveries . | . . . Exploration | -11 -10 -9 ------------- Run | Yrd Mat Mat Turns Passed 2387 | 62 1728 597 Spaces Moved 1839 | 53 1195 591 Core 10 | 4 5 1 Treads . | . . . Legs 608 | . 608 . Wheels 845 | 49 582 214 Hover . | . . . Flight 376 | . . 376 Fastest Speed 32 | 50 80 32 Average Speed 93 | 96 113 53 Slowest Speed 400 | 100 400 200 Overloaded Moves . | . . . Propulsion Burnouts . | . . . Robots Hopped 1 | . . 1 Cave-ins Triggered . | . . . Exploration Rate (%) 54 | 4 95 64 Regions Visited 2 Branch Regions . Pre-discovered Areas . | . . . Known Exits Taken . | . . . Unknown Exits Taken 2 | 1 1 . Scrap Searched . | . . . Spaces Dug . | . . . Terrain Destroyed 112 | . . 112 Melee . | . . . Projectile . | . . . AOE 112 | . . 112 Terrain Rammed . | . . . Walls Destroyed . | . . . Machines Disabled . | . . . Actions | -11 -10 -9 --------- Run | Yrd Mat Mat Total 2198 | 62 1389 747 Wait 23 | . 20 3 Move 1835 | 52 1194 589 Hop 1 | . . 1 Pick Up 37 | 4 19 14 Fast Attach 16 | 4 1 11 Attach 28 | 2 12 14 Detach 14 | . 3 11 Swap 19 | . 17 2 Drop 32 | . 20 12 Fire 191 | . 101 90 Melee . | . . . Ram . | . . . Kick 2 | . 2 . Crush . | . . . Escape Stasis . | . . . Rewire . | . . . Trap . | . . . Miscellaneous . | . . . Route ------- -11/Scrapyard -10/Materials (discovered 4 exits: *Mat x3 / [*Min]) -9/Materials (discovered 3 exits: [*Mat x3]) History --------- Turn | Location | Event 27 | -11/Scrapyard | Discovered new exit (range 16) 63 | -11/Scrapyard | Entered Materials 302 | -10/Materials | Build established: Mutant 565 | -10/Materials | Core integrity fell below 50% 620 | -10/Materials | Lost 3 parts (2n1w) 740 | -10/Materials | Discovered new exit (range 14) 859 | -10/Materials | Discovered new exit (range 6) 915 | -10/Materials | Build established: Scavenger-Mutant 1128 | -10/Materials | Repaired Assault Rifle 1154 | -10/Materials | Repaired Lgt. Ion Engine 1290 | -10/Materials | Build established: Mutant 1304 | -10/Materials | Discovered new exit (range 4) 1468 | -10/Materials | Discovered new exit (range 6) 1555 | -10/Materials | Core integrity fell below 20% 1791 | -10/Materials | Entered another Materials area 1791 | -9/Materials | Evolved 2 slots: Utility x2 2055 | -9/Materials | Discovered new exit (range 16) 2177 | -9/Materials | Discovered new exit (range 8) 2287 | -9/Materials | Core integrity fell below 50% 2311 | -9/Materials | Discovered new exit (range 17) 2375 | -9/Materials | Core integrity fell below 20% 2388 | -9/Materials | Destroyed by Y-45 Defender with Beam Rifle Last Messages --------------- 02374_ Neutrino Reactor explodes. 02374_ K-01 Serf destroyed. 02374_ Chain reaction triggered in Faulty Cld. Ion Engine. 02374_ Chain reaction triggered in Ion Engine. 02374_ Neutrino Reactor explodes. 02374_ Chain reaction triggered in Corrupted Cld. Ion Engine. 02374_ Sensor Array destroyed. 02374_ Destroyed Sensor Array. 02374_ Lgt. Assault Rifle destroyed. 02374_ Destroyed Lgt. Assault Rifle. 02378_ Dropped Cld. Ion Engine. 02378_ Y-45 Defender destroyed. 02380_ Acquired Cld. Ion Engine. 02382_ VTOL Module destroyed. 02382_ Heat Sink destroyed. 02386_ Neutrino Reactor explodes. 02386_ Flight Unit destroyed. 02388_ Critical hit (Burn: +37). Map ----- +----------------------------------------------------+ | | | | | | | | | | | | | | | | | | | ??????????????????????????? | | ??????????????????????????? | | ??????????????????????????? | | ??????????????????????????? | | ??????????????????????????? | | ??????????????????????????? | | ??????????????????????????? | | ????????????#+#???????##??? | | ??????????? ?????### ### | | ??????????? ??#### | | ??????????? ??? ; ! # | | ??????????? ????# %=# | | ???????????# #????# * | | ???????????# #??### # | | ???????????+ ### # # | | ???????????# ]] ]# | | ???????????# Y]] @# | | ???????????# Y ] # | | ???????##### # | | ???????# # !# | | ???????# # # # | | ???????# # ## # | | ???????# / # # | | ???????# # =#= ### | | ?????? # %*== #?? | | = ""???? # % * #?? | | % +## / #?? | | !=%= #?? | | =[ # #?? | | " # ##### #?? | | ???# #?????# #?? | | ?????## #?????# #?? | | ????## ##????###########?? | | ##### ###########??????? | | # #??????? | | """" #??????? | | """" """ #??????? | | """ """""????????? | | """ """""????????? | | """ """""????????? | | # """ #??????? | +----------------------------------------------------+ Best States ------------- Heat Dissipation 38 Energy Generation 12 Energy Capacity 265 Matter Stores 450 Matter Capacity 450 Sight Range 18 Robot Scan Range 14 Terrain Scan Density 10 Evasion (%) 63 Targeting Accuracy 6 Item Schematics ----------------- None Robot Schematics ------------------ None Fabricated ------------ Nothing Alien Tech Used ----------------- None Achievements -------------- None Challenges ------------ None Game ------ Seed GravitonSurgeSuite Manual? 0 Play Time 01:23:58 Cumulative 7.4 hours Start 2025.03.05 @ 21:15:32 End 2025.03.06 @ 03:39:21 Sessions 5 Manual Loads 0 Difficulty Rogue Special Mode None Game No. 2 Rogue 2 Adventurer 0 Explorer 0 Win Type - Total 0 Types 0/0/0/0/0/0/0/0/0 Lore% 3 Gallery% 6 Achievement% 10 Wizard Run 0 Options --------- Layout 1 ASCII 0 Keyboard 1 Movement Numpad Keybinds 0 Fullscreen 1 Font 24/Cog Map View 50x35 Zoom Use 0% Tactical HUD 1 Map Filters NONE Filters NONE Steam 1 RUN: 9f3cd171-a6c4-4517-a66a-63d9a399fc8e